 Dungeon Crawl Stone Soup version 0.22-a0-469-gf26638a (webtiles) character file.

18 emperorscorpion the Charmwright (level 2, 0/15 HPs)
             Began as a Vine Stalker Skald on June 13, 2018.
             Was an Initiate of Dithmenos.
             Succumbed to an adder's poison
             ... on level 2 of the Dungeon.
             The game lasted 00:02:06 (271 turns).

emperorscorpion the Charmwright (Vine Stalker Skald) Turns: 271, Time: 00:02:07

Health: 0/15       AC:  4    Str: 13    XL:     2   Next: 66%
Magic:  0/6        EV: 12    Int: 13    God:    Dithmenos [......]
Gold:   27         SH:  0    Dex: 13    Spells: 4/5 levels left

rFire    . . .     SeeInvis .   a - +0 short sword
rCold    . . .     Gourm    .   (no shield)
rNeg     . . .     Faith    .   b - +0 leather armour
rPois    .         Spirit   +   (no helmet)
rElec    .         Reflect  .   (no cloak)
rCorr    .         Harm     .   f - +0 pair of gloves
MR       .....                  (no boots)
Stlth    +.........             (no amulet)
HPRegen  0.05/turn              (no ring)
MPRegen  0.10/turn              (no ring)

@: lethally poisoned (0 -> -5), infused
A: fangs 2, magic shield, antimagic bite, no potion heal 3, rot immunity
a: Renounce Religion


You were on level 2 of the Dungeon.
You worshipped Dithmenos.
Dithmenos was noncommittal.
You were not hungry.

You visited 1 branch of the dungeon, and saw 2 of its levels.

You collected 27 gold pieces.

Inventory:

Hand Weapons
 a - a +0 short sword (weapon)
Armour
 b - a +0 leather armour (worn)
 f - a +0 pair of gloves (worn)
Scrolls
 e - 2 scrolls of remove curse {unknown}
Comestibles
 c - a chunk of flesh
 d - 2 rations


   Skills:
 + Level 1.9 Fighting
 + Level 1.9 Short Blades
 + Level 1.0 Armour
 + Level 1.7 Dodging
 + Level 2.3 Spellcasting
 + Level 3.3 Charms


You had 4 spell levels left.
You knew the following spells:

 Your Spells              Type           Power        Failure   Level  Hunger
a - Infusion              Chrm           ##..         8%          1    #......

Your spell library contained the following spells:

 Spells                   Type           Power        Failure   Level  Hunger
 Regeneration             Chrm/Necr      #.........   43%         3    ###....
 Shroud of Golubria       Chrm/Tloc      #.........   24%         2    ###....
 Song of Slaying          Chrm           ##......     12%         2    ###....
 Spectral Weapon          Hex/Chrm       #.......     43%         3    ###....


Dungeon Overview and Level Annotations

Branches:
Dungeon (2/15)

Altars:
Dithmenos


Innate Abilities, Weirdness & Mutations

You have extremely sharp teeth.
When hurt, damage is shared between your health and your magic reserves.
Your bite disrupts and absorbs the magic of your enemies.
Potions cannot restore your health.
You are immune to rotting.


Message History

The adder hisses angrily.
You now have 27 gold pieces (gained 13).
The adder bites you.
You are lethally poisoned!
The adder poisons you!
You aren't carrying any potions.
Casting: Infusion (safe; 8% risk of failure)
Confirm with . or Enter, or press ? or * to list all spells.
You begin infusing your attacks with magical energy.
You feel sick. The adder closely misses you.
You barely miss the adder.
* * * LOW HITPOINT WARNING * * *
You feel sick. The adder bites you.
* * * LOW HITPOINT WARNING * * *
You miss the adder. Your bite misses the adder. The adder bites you.
* * * LOW HITPOINT WARNING * * *
You miss the adder. The adder misses you. The adder barely misses you.
You hit the adder! Your bite misses the adder.
The adder is almost dead.
You die...

#...####.####.....#.####
......................#
#..#####....#####.#.##†#
...# ####. ###....##.##
##.#### # #...#......#
##....# #.#.....#).##
###### ..<##.#
#.##................
.####.# #
##S...##.#######.. .#
#.# #@#......# .......
(## #.# #..###..#....
####.. ..# #.# ....#
##...#(. ##.
..###.#####..#. ..#...#
#. ....#........# ....#
#. .......# ## ##### ##
....#.## ..###.#### ..#
#....#


You could see an adder.

Vanquished Creatures
  An adder (D:2)
  2 bats (D:2)
  2 giant cockroaches (D:2)
  A goblin (D:2)
  2 kobolds (D:2)
8 creatures vanquished.

Notes
Turn   | Place    | Note
-------+----------+-------------------------------------------
     0 | D:1      | emperorscorpion the Vine Stalker Skald began the quest for the Orb.
     0 | D:1      | Reached XP level 1. HP: 11/11 MP: 4/4
    84 | D:2      | Found a faded altar of an unknown god.
   164 | D:2      | Found a shadowy altar of Dithmenos.
   178 | D:2      | Became a worshipper of Dithmenos the Shadowed
   201 | D:2      | Reached XP level 2. HP: 4/15 MP: 6/6
   251 | D:2      | Reached skill level 1 in Armour
   271 | D:2      | Succumbed to an adder's poison

Vault maps used:
D:1:      dpeg_arrival_fog
D:2:      grunt_gozag_breadcrumbs, grunt_dithmenos_smoke_and_mirrors,
          chequers_ecumenical_altar_simple

Skill      XL: |  1  2 |
---------------+-------+-----
Armour         | 1 |  1.0
Fighting       | |  1.9
Short Blades   | |  1.9
Dodging        | |  1.7
Spellcasting   | |  2.3
Charms         | |  3.3

Action                   || total
-------------------------++-------
Melee: Short sword       ||    48
       Bite              ||     6
 Cast: Infusion          ||     1
  Use: Scroll            ||     2
Armor: Leather armour    ||    17
Dodge: Dodged            ||    33

Table legend:
 A = Spawn XP
 B = Non-spawn XP
 C = Spawn XP percentage of total XP
 D = Spawn monster count
 E = Non-spawn monster count
 F = Spawn count percentage of total count
 G = Total turns spent on level
                    A         B        C        D         E        F      G
               +---------+---------+-------+---------+---------+-------+---------
         Total |       0 |      26 |   0.0 |       0 |       8 |   0.0 |   271
               +---------+---------+-------+---------+---------+-------+---------
           D:2 |       0 |      26 |   0.0 |       0 |       8 |   0.0 |   269
               +---------+---------+-------+---------+---------+-------+---------
